 Dungeon Crawl Stone Soup version 0.14.1-24-gbdbe590 (webtiles) character file.

2652 DaftWullie the Slicer (level 9, -13/55 HPs)
             Began as a Kobold Berserker on June 29, 2014.
             Was a High Priest of Trog.
             Killed from afar by Pikel (24 damage)
             ... with a wand of cold
             ... on Level 7 of the Dungeon.
             The game lasted 01:23:32 (7437 turns).

DaftWullie the Slicer (Kobold Berserker)            Turns: 7437, Time: 01:23:32

HP -13/55        AC  8     Str 17      XL: 9   Next: 71%
MP  10/10        EV 19     Int  6      God: Trog [*****.]
Gold 304         SH  0     Dex 16      Spells:  0 memorised,  8 levels left

rFire  . . .     SeeInvis .     a - +2 short sword (venom)
rCold  . . .     Clarity  .     x - +2 leather armour
rNeg   . . .     Conserve .     (no shield)
rPois  +         rCorr    .     q - +1 hat
rElec  .         rRot     .     (no cloak)
SustAb . .       Spirit   .     m - +1 pair of gloves
rMut   .         Warding  .     (no boots)
Saprov + + .     Stasis   .     j - amulet of faith
MR     ++...                    (no ring)
                                h - ring of poison resistance {unknown}

@: regenerating, very resistant to hostile enchantments, quite stealthy
A: disease resistance, carnivore 3, saprovore 2
a: Burn Spellbooks, Berserk, Trog's Hand, Brothers in Arms, Renounce Religion


You were on level 7 of the Dungeon.
You worshipped Trog.
Trog was extremely pleased with you.
You were very full.

You visited 1 branch of the dungeon, and saw 7 of its levels.

You collected 356 gold pieces.
You spent 52 gold pieces at shops.

Inventory:

Hand weapons
 a - a +2,+2 short sword of venom (weapon)
 o - a +0,+0 short sword
 E - a +0,+0 short sword
 J - a +2,+2 cutlass of protection
 K - a cursed -1,-2 dagger
 R - a +0,+0 short sword
 U - a +1,+3 dagger of protection
 V - a +2,+0 short sword
Missiles
 s - 227 darts (quivered)
 v - 6 poisoned darts
Armour
 b - a +0 animal skin
 k - a +0 pair of gloves
 m - a +1 pair of gloves (worn)
 q - a +1 hat (worn)
 x - a +2 leather armour (worn)
 M - a +0 helmet
 P - a +0 leather armour
 Q - a +0 leather armour
 S - a +2 leather armour
 T - a +1 leather armour
 W - a +0 leather armour of poison resistance
Magical devices
 A - a wand of disintegration (8)
 L - a wand of flame (10)
 N - a wand of enslavement (9)
 O - a wand of disintegration (13)
 Y - a wand of fireball (3)
Comestibles
 c - 2 meat rations
Scrolls
 f - 4 scrolls of teleportation {unknown}
 g - 3 scrolls of fog {unknown}
 i - 2 scrolls of identify {unknown}
 l - 4 scrolls of blinking {unknown}
 p - 2 scrolls of remove curse {unknown}
 r - a scroll of enchant armour {unknown}
 u - a scroll of noise {unknown}
 y - a scroll of fear {unknown}
 C - a scroll of random uselessness {unknown}
 D - 3 scrolls of amnesia {unknown}
 G - 3 scrolls of enchant weapon I {unknown}
Jewellery
 h - a ring of poison resistance (left hand) {unknown}
 j - an amulet of faith (around neck)
 H - an uncursed amulet of inaccuracy
 I - a cursed ring of hunger
Potions
 d - 3 potions of restore abilities {unknown}
 e - a potion of paralysis {unknown}
 n - a potion of berserk rage {unknown}
 t - a potion of flight {unknown}
 w - 3 potions of haste {unknown}
 z - 3 potions of heal wounds {unknown}
 F - a potion of invisibility {unknown}
 X - a potion of agility {unknown}


   Skills:
 * Level 5.7 Fighting
 * Level 9.5 Short Blades
 + Level 7.2 Throwing
 - Level 1.5 Armour
 + Level 8.1 Dodging
 + Level 5.1 Stealth
 + Level 1.1 Evocations


You had 8 spell levels left.
You didn't know any spells.

Dungeon Overview and Level Annotations

Branches:
Dungeon (7/15)             Temple (0/1) D:6

Altars:
Cheibriados
Nemelex Xobeh
Trog

Shops:
D:4 =   D:6 :

Annotations:
D:6 Sigmund
D:7 Pikel


Innate Abilities, Weirdness & Mutations

You recuperate from illness quickly.
You are small and have problems with some larger weapons.
You are carnivorous and can eat meat at any time.
You can eat rotten meat.


Message History

The kobold is severely wounded.
Your ogre rages.
A necrophage comes into view.
You hit the kobold but do no damage.
The kobold is poisoned.
The kobold is severely wounded.
Pikel zaps a wand.
The bolt of cold hits the kobold.
The kobold dies!
The bolt of cold misses you.
Your ogre barely misses the slave.
Throwing (i - inventory. (,) - cycle):
s - 229 darts (quivered)
Press: ? - help, Shift-Dir - straight line, f/p - Pikel
Aim: Pikel, wielding a whip of flaming, wearing a robe and carrying a wand of cold {zapped: 3} You throw a dart.
The dart hits Pikel.
Pikel zaps a wand.
The bolt of cold hits you!
* * * LOW HITPOINT WARNING * * *
Throwing (i - inventory. (,) - cycle):
s - 228 darts (quivered)
Press: ? - help, Shift-Dir - straight line, f/p - Pikel
Aim: Pikel, wielding a whip of flaming, wearing a robe and carrying a wand of cold {zapped: 4} You throw a dart.
The dart hits Pikel.
Pikel zaps a wand.
The bolt of cold hits you!
You die...

#.......................?..
#.......................).
#....>...................
#.[n....................
#.[....................
##.K...................
##.(.O................
##.)@................
##.@....(...........
###################


You could see Pikel, a slave, a necrophage and a friendly ogre (berserk).

Vanquished Creatures
  Eustachio (D:5)
  Edmund (D:5)
  An orc warrior (D:6)
  An ice beast (D:6)
  A sky beast (D:5)
  A slave (D:7)
  An ogre (D:3)
  2 centaurs (D:6)
  8 big kobolds
  A giant frog (D:6)
  A scorpion (D:3)
  A yak zombie (D:7)
  4 wights (D:6)
  An orc wizard (D:6)
  A centaur skeleton (D:6)
  5 iguanas
  4 orc priests
  2 hounds
  4 worker ants
  A sky beast zombie (D:5)
  A hound skeleton (D:4)
  2 adders (D:2)
  A gnoll (D:5)
  3 giant mites
  A shadow imp (D:5)
  A worm (D:4)
  3 giant eyeballs
  A giant gecko (D:6)
  15 orcs
  2 giant cockroaches (D:3)
  12 goblins
  14 hobgoblins
  6 jackals (D:1)
  An ooze (D:3)
  20 bats
  5 giant newts
  A gnoll zombie (D:5)
  A goblin skeleton (D:4)
  40 kobolds
  A kobold zombie (D:5)
  A quokka skeleton (D:4)
  19 rats
193 creatures vanquished.

Vanquished Creatures (collateral kills)
  2 slaves (D:7)
  An orc priest (D:6)
  An orc wizard (D:6)
4 creatures vanquished.

Vanquished Creatures (others)
  A kobold (D:7)
1 creature vanquished.

Grand Total: 198 creatures vanquished

Notes
Turn   | Place    | Note
--------------------------------------------------------------
     0 | D:1      | DaftWullie, the Kobold Berserker, began the quest for the Orb.
     0 | D:1      | Reached XP level 1. HP: 14/14 MP: 1/1
   155 | D:1      | Reached XP level 2. HP: 19/19 MP: 2/2
   430 | D:2      | Reached XP level 3. HP: 23/23 MP: 3/3
   789 | D:1      | Acquired Trog's second power
  1096 | D:1      | Reached skill level 5 in Short Blades
  2193 | D:3      | Reached XP level 4. HP: 20/29 MP: 4/4
  2219 | D:4      | Noticed an ogre
  3248 | D:3      | Reached skill level 1 in Stealth
  3276 | D:3      | Noticed a scorpion
  3284 | D:3      | Killed a scorpion
  3284 | D:3      | Reached skill level 1 in Throwing
  3284 | D:3      | Reached XP level 5. HP: 33/33 MP: 5/5
  3598 | D:3      | Killed an ogre
  3598 | D:3      | Reached skill level 6 in Short Blades
  3598 | D:3      | Reached XP level 6. HP: 38/38 MP: 6/6
  3640 | D:4      | Reached skill level 5 in Dodging
  3851 | D:4      | Reached XP level 7. HP: 42/42 MP: 7/7
  3883 | D:4      | Found a sparkling altar of Nemelex Xobeh.
  3911 | D:4      | Found a snail-covered altar of Cheibriados.
  4026 | D:5      | Entered Level 5 of the Dungeon
  4169 | D:4      | Reached skill level 7 in Short Blades
  4179 | D:4      | Found Zeotiegh's Jewellery Shoppe.
  4183 | D:4      | Bought an uncursed amulet of inaccuracy for 26 gold pieces
  4183 | D:4      | Bought a cursed ring of hunger for 26 gold pieces
  4265 | D:5      | Noticed Eustachio
  4276 | D:5      | Killed Eustachio
  4539 | D:4      | Reached XP level 8. HP: 48/48 MP: 8/8
  4767 | D:5      | Noticed Edmund
  4846 | D:5      | Killed Edmund
  5055 | D:5      | Found a bloodstained altar of Trog.
  5156 | D:5      | Paralysed by a giant eyeball for 3 turns
  5162 | D:5      | Paralysed by a giant eyeball for 2 turns
  5165 | D:5      | Acquired Trog's third power
  5335 | D:5      | Reached skill level 5 in Throwing
  5351 | D:5      | Reached skill level 8 in Short Blades
  5703 | D:5      | Reached skill level 5 in Fighting
  5703 | D:5      | Reached XP level 9. HP: 54/54 MP: 9/9
  6197 | D:6      | Reached skill level 5 in Stealth
  6197 | D:6      | Reached skill level 1 in Evocations
  6350 | D:6      | Reached skill level 9 in Short Blades
  6568 | D:6      | Noticed Sigmund
  6601 | D:6      | Found Aqanyakk's Book Shop.
  6610 | D:6      | Found a staircase to the Ecumenical Temple.
  7421 | D:7      | Noticed Pikel
  7437 | D:7      | Killed from afar by Pikel

Action                   |  1- 3 |  4- 6 |  7- 9 || total
-------------------------+-------+-------+-------++-------
Melee: Short sword       |   172 |   153 |   439 ||   764
Throw: Dart              |       |    20 |   110 ||   130
Invok: Berserk           |     5 |     7 |     5 ||    17
       Trog's Hand       |       |       |     2 ||     2
       Brothers in Arms  |       |       |     2 ||     2
Evoke: Wand              |       |       |     6 ||     6
  Use: Potion            |       |       |     1 ||     1
 Stab: Sleeping          |     2 |     1 |     7 ||    10
